AoeStats
← yanghero

Arabia

510528465Analyzed
1v1 RM · 17h ago on Oct 1, 2026· 44m 51s· 2 players
Game mode
Random Map
Map size
Tiny (2 player)
Population
200
Speed
Normal
Resources
Standard
Victory
Conquest
Starting age
Dark Age
Ending age
Imperial Age
RankedLock teamsTeams togetherTeam positionsShared explorationLock speedFull tech treeHidden civsTurbo modeCheats
Victory
Defeat
🇫🇷 Bulgarians · France
874
+14
🇹🇼 Britons · Taiwan
832
-14
yanghero
7:58 Loom
9:58 Feudal Age
11:25 Double-Bit Axe
13:37 Padded Archer Armor
13:56 Fletching
19:22 Horse Collar
24:35 Castle Age
23:23 Gold Mining
23:25 Stone Mining
24:40 Crossbowman
25:36 Leather Archer Armor
27:23 Bodkin Arrow
36:34 Imperial Age
36:27 Wheelbarrow
37:10 Masonry
36:41 Treadmill Crane
37:22 Ballistics
37:08 Siphons
36:49 Arbalester
37:33 Squires
38:54 Ring Archer Armor
39:53 Chemistry
38:33 Pikeman
40:54 Architecture
40:41 Bracer
40:59 Fortified Wall
41:59 Hand Cart
41:56 Bow Saw
41:54 Elite Skirmisher
43:56 Two-Man Saw
43:36 Gold Shaft Mining
42:57 Halberdier
45:15 Warwolf
Le_Web
11:17 Feudal Age
11:57 Double-Bit Axe
12:55 Wheelbarrow
12:25 Arson
12:35 Horse Collar
17:50 Scale Barding Armor
17:57 Forging
19:24 Scale Mail Armor
22:02 Stone Mining
22:06 Gold Mining
25:04 Castle Age
23:20 Scale Mail Armor
23:33 Fletching
23:43 Padded Archer Armor
24:44 Bloodlines
25:29 Elite Skirmisher
26:39 Leather Archer Armor
26:20 Bodkin Arrow
26:23 Light Cavalry
27:05 Husbandry
27:44 Bow Saw
27:46 Heavy Plow
32:10 Thumb Ring
33:34 Hand Cart
34:50 Gold Shaft Mining
34:53 Stone Shaft Mining
34:43 Chain Barding Armor
36:22 Town Watch
36:23 Loom
37:27 Ballistics
36:58 Heated Shot
38:40 Stirrups
41:25 Imperial Age
40:18 Iron Casting
40:47 Town Patrol
41:49 Elite Konnik
43:21 Chain Mail Armor
44:45 Capped Ram
Connection lost

Rejoining the realm…

Still unreachable

The connection could not be restored.

Session expired

The server has moved on; the page needs a fresh start.